 Dungeon Crawl Stone Soup version 0.28-a0-1199-gef9e1dbd39 (webtiles) character file.

Game seed: 18338962488336450361

184 Froggeryz the Cudgeller (level 5, -2/30 HPs)
             Began as a Gargoyle Warper on Dec 19, 2021.
             Slain by Pikel (5 damage)
             ... on level 6 of the Dungeon.
             The game lasted 00:04:23 (3109 turns).

Froggeryz the Cudgeller (Gargoyle Warper)           Turns: 3109, Time: 00:04:23

Health: -2/30      AC:  7    Str: 16    XL:     5   Next: 63%
Magic:  8/8        EV: 11    Int: 14    God:
Gold:   59         SH:  0    Dex:  9    Spells: 8/8 levels left

rFire   . . .      SeeInvis .   a - +0 mace
rCold   . . .      Faith    .   (no shield)
rNeg    + + .      Spirit   .   b - +0 leather armour
rPois   ∞          Reflect  .   (no helmet)
rElec   +          Harm     .   (no cloak)
rCorr   .          Rampage  .   (no gloves)
Will    .....                   (no boots)
Stlth   +.........              (no amulet)
HPRegen 0.10/turn               k - ring of positive energy
MPRegen 0.11/turn               (no ring)

@: no status effects
A: sickness immunity, AC +4, negative energy resistance 1, electricity
resistance, torment resistance 1, petrification resistance
a: no special abilities


You were on level 6 of the Dungeon.
You visited 1 branch of the dungeon, and saw 4 of its levels.

You collected 59 gold pieces.

Inventory:

Hand Weapons
 a - a +0 mace (weapon)
 n - a +1 dagger of venom
Missiles
 d - 5 boomerangs of dispersal (quivered)
 g - 20 poisoned darts
Armour
 b - a +0 leather armour (worn)
Jewellery
 k - a ring of positive energy (left hand)
Wands
 o - a wand of paralysis (1)
Scrolls
 c - a scroll of blinking
 e - 2 scrolls of identify
 j - a scroll of teleportation
Potions
 f - 3 potions of mutation {unknown}
 h - a potion of might {unknown}
 i - 2 potions of haste {unknown}
 l - a potion of curing {unknown}
 m - a potion of flight {unknown}
 p - 2 potions of lignification {unknown}


   Skills:
 - Level 2.1 Fighting
 * Level 5.7 Maces & Flails
 - Level 0.8 Throwing
 - Level 1.1 Armour
 - Level 1.5 Dodging
 - Level 2.0 Spellcasting
 - Level 2.6 Translocations


You had 8 spell levels left.
You didn't know any spells.
Your spell library contained the following spells:

 Spells                   Type           Power      Damage    Failure   Level
 Blink                    Tloc           16%        N/A       14%         2
 Gell's Gravitas          Tloc           8%         N/A       28%         3
 Lesser Beckoning         Tloc           8%         N/A       28%         3
 Teleport Other           Tloc           8%         N/A       28%         3
 Iskenderun's Mystic Bla  Conj/Tloc      5%         2d3       86%         4
 Manifold Assault         Tloc           8%         N/A       95%         5
 Fulminant Prism          Conj/Hex       0%         3d6       96%         4
 Lee's Rapid Deconstruct  Erth           0%         3d5*      100%        5


Dungeon Overview and Level Annotations

Branches:
Dungeon (3/15)

Altars:
Okawaru
Sif Muna

Annotations:
D:6 Edmund, Grinder, Pikel


Innate Abilities, Weirdness & Mutations

You are immune to sickness and miasma.
Your stone body is resilient. (AC +4)
You are immune to poison.
You resist negative energy. (rN+)
You are resistant to electric shocks. (rElec)
You are resistant to unholy torment.
You are immune to petrification.


Message History

* * * LOW HITPOINT WARNING * * *
Pikel burns you.
* * * LOW HITPOINT WARNING * * *
Aiming: Paralyse
Press: ? - help, Shift-Dir - straight line, f/p - Pikel
Aim: Pikel, wielding a +0 whip of flaming and wearing a +0 robe (moderately wounded, chance to affect: 46%) Pikel suddenly stops moving!
The helpless Pikel fails to defend himself.
You hit Pikel.
Pikel is moderately wounded.
The helpless Pikel fails to defend himself.
You hit Pikel.
Pikel is heavily wounded.
The helpless Pikel fails to defend himself.
You hit Pikel but do no damage.
Pikel is heavily wounded.
The helpless Pikel fails to defend himself.
You hit Pikel but do no damage.
Pikel is heavily wounded.
The helpless Pikel fails to defend himself.
You hit Pikel.
Pikel is heavily wounded.
The helpless Pikel fails to defend himself.
You hit Pikel but do no damage.
Pikel is heavily wounded.
The helpless Pikel fails to defend himself.
You hit Pikel but do no damage.
Pikel is heavily wounded.
The helpless Pikel fails to defend himself.
You hit Pikel.
Pikel is severely wounded.
The helpless Pikel fails to defend himself.
You sock Pikel!
Pikel is almost dead.
The helpless Pikel fails to defend himself.
You hit Pikel.
Pikel is almost dead.
Pikel is no longer paralysed.
Pikel hits you with a +0 whip of flaming.
You die...

#.# #.# #.# #.#
#.# ##########+##
#.# #......>.?..#
#.# +....5......#
#.# #...........#
#@# #......@....#
#K#
#.............##5#
+..........#..##5#
#..........# .##5#
###########
#..........# ##5#
#..........
#..........#
#.###..........
....####+###
#..†55.≈≈≈≈≈§≈.
.<..
#####5......§..


You could see Pikel and 4 lemures.

Vanquished Creatures
  A necrophage (D:6)
  A howler monkey (D:6)
  A dart slug (D:1)
  An orc (D:3)
  5 endoplasms
  3 giant cockroaches
  6 goblins
  A hobgoblin (D:1)
  4 jackals
  7 kobolds
  5 ball pythons
  3 bats
  3 frilled lizards
  9 rats
50 creatures vanquished.

Notes
Turn   | Place    | Note
-------+----------+-------------------------------------------
     0 | D:1      | Froggeryz the Gargoyle Warper began the quest for the Orb.
     0 | D:1      | Reached XP level 1. HP: 12/12 MP: 3/3
   409 | D:1      | Reached XP level 2. HP: 16/17 MP: 5/5
   555 | D:1      | Reached skill level 3 in Maces & Flails
  1433 | D:1      | Reached XP level 3. HP: 21/21 MP: 6/6
  1798 | D:2      | Found a faded altar of an unknown god.
  2535 | D:3      | Reached skill level 4 in Maces & Flails
  2641 | D:3      | Found a shimmering blue altar of Sif Muna.
  2919 | D:3      | You fall into a shaft and drop 3 floors!
  2919 | D:6      | Noticed Grinder
  2919 | D:6      | Noticed Edmund
  2923 | D:6      | Paralysed by Grinder for 3 turns
  2941 | D:6      | Noticed a necrophage
  2960 | D:6      | Killed a necrophage
  2961 | D:6      | Reached skill level 5 in Maces & Flails
  2961 | D:6      | Reached XP level 4. HP: 18/26 MP: 7/7
  2961 | D:6      | Reached XP level 5. HP: 21/30 MP: 8/8
  3074 | D:6      | Found an iron altar of Okawaru.
  3075 | D:6      | Noticed a lemure
  3075 | D:6      | Noticed a lemure
  3076 | D:6      | Noticed Pikel
  3077 | D:6      | Noticed a lemure
  3079 | D:6      | Noticed a lemure
  3109 | D:6      | Slain by Pikel

Illustrated notes

Levels and vault maps discovered:
D:1:      amcnicky_arrival_choice, layout_basic
D:2:      layout_loops_cross, ebering_ecumenical_altar_mist
D:3:      layout_basic, nicolae_sif_muna_condensation,
          cheibrodos_sewer_entry_bend
D:6:      layout_basic, mainiacjoe_overflow_cross_hatched,
          kennysheep_generic_room_2, uniq_grinder, uniq_pikel, uniq_edmund

Skill      XL: |  1  2  3 |
---------------+----------+-----
Maces & Flails | 3 5 |  5.7
Fighting       | |  2.1
Throwing       | |  0.8
Armour         | |  1.1
Dodging        | |  1.5
Spellcasting   | |  2.0
Translocations | |  2.6

Action                   |  1- 3 |  4- 6 || total
-------------------------+-------+-------++-------
Melee: Mace              |   138 |    18 ||   156
Evoke: Wand              |     5 |     2 ||     7
  Use: Scroll            |     2 |       ||     2
 Stab: Paralysed         |       |    10 ||    10
Armor: Leather armour    |    59 |     3 ||    62
Dodge: Dodged            |    81 |     6 ||    87

Table legend: (Time is in decaauts)
 A = Elapsed time spent in this place.
 B = Non-inter-level travel time spent in this place.
 C = Inter-level travel time spent in this place.
 D = Time resting spent in this place.
 E = Time spent auto-exploring this place.
 F = Levels seen in this place.
 G = Mean time per level.
                   A        B        C        D        E       F      G
               +--------+--------+--------+--------+--------+-----+--------+
         Total |   3142 |   3029 |    113 |    427 |   2030 |   4 |  785.5 |
       Dungeon |   3142 |   3029 |    113 |    427 |   2030 |   4 |  785.5 |
               +--------+--------+--------+--------+--------+-----+--------+

Top non-repeatable levels by time:
     D:1: 1818 daAuts
     D:2: 840 daAuts
     D:3: 291 daAuts
     D:6: 192 daAuts
